 Dungeon Crawl Stone Soup version 0.17-a0-1181-gabc46e6 (webtiles) character file.

63 Hanyuu the Insei (level 4, -6/28 HPs)
             Began as an Octopode Transmuter on May 31, 2015.
             Mangled by Sigmund
             ... wielding a +0 scythe
              (11 damage)
             ... on level 3 of the Dungeon.
             The game lasted 00:03:52 (1676 turns).

Hanyuu the Insei (Octopode Transmuter)              Turns: 1676, Time: 00:03:52

Health: -6/28      AC:  1    Str:  9    XL:     4   Next: 9%
Magic:  12/16      EV: 12    Int: 16    God:
Gold:   76         SH:  0    Dex: 12    Spells: 3 memorised, 1 level left

rFire  . . .     SeeInvis +       - Unarmed
rCold  + . .     Clarity  .     (no shield)
rNeg   . . .     SustAt   .     (helmet restricted)
rPois  .         Gourm    .     (no amulet)
rElec  .         Spirit   .     l - ring of magical power
rCorr  .         Warding  .     p - ring of see invisible
rMut   .         Stasis   .     t - ring of protection from cold
MR     .....                    (no ring)
Stlth  ++........               (no ring)
                                (no ring)
                                (no ring)
                                (no ring)

@: very slightly contaminated, drained, not resistant to hostile enchantments,
unstealthy
A: almost no armour, amphibious, 8 rings, constrict 8, camouflage 1, gelatinous
body 1
a: no special abilities


You were on level 3 of the Dungeon.
You were not hungry.

You visited 1 branch of the dungeon, and saw 3 of its levels.

You collected 76 gold pieces.

Inventory:

Missiles
 a - 35 arrows
 x - a throwing net (quivered)
Jewellery
 l - a ring of magical power (left tentacle)
 p - a ring of see invisible (right tentacle)
 t - a ring of protection from cold (on tentacle)
Scrolls
 e - a scroll of remove curse
Potions
 d - 2 potions of flight {unknown}
 f - 2 potions of ambrosia {unknown}
 g - a potion of curing
 k - 2 potions of might {unknown}
 m - a potion of degeneration {unknown}
 q - a potion of brilliance {unknown}
 r - a potion of cure mutation {unknown}
 s - a potion of lignification {unknown}
Books
 b - a book of Changes

   Spells                             Type                      Level
   a - Beastly Appendage              Transmutation                1
   b - Sticks to Snakes               Transmutation                2
   c - Spider Form                    Transmutation/Poison         3
   d - Ice Form                       Ice/Transmutation            4
   e - Blade Hands                    Transmutation                5
Comestibles
 c - a bread ration
 h - a royal jelly
 j - a slice of pizza
 n - a beef jerky
 w - a chunk of flesh


   Skills:
 - Level 1.0(0.4) Fighting
 - Level 2.0(1.4) Dodging
 + Level 4.6(4.0) Unarmed Combat
 - Level 2.0(1.4) Spellcasting
 - Level 2.0(1.4) Transmutations
 - Level 1.0(0.5) Poison Magic


You had one spell level left.
You knew the following spells:

 Your Spells              Type           Power        Failure   Level  Hunger
a - Beastly Appendage     Trmt           #.....       14%         1    ##.....
b - Sticks to Snakes      Trmt           #.........   21%         2    ###....
c - Spider Form           Trmt/Pois      #.........   52%         3    ####...


Dungeon Overview and Level Annotations

Branches:
Dungeon (3/15)

Altars:

Annotations:
D:3 Sigmund


Innate Abilities, Weirdness & Mutations

You cannot wear most types of armour.
You are amphibious.
You can wear up to eight rings at the same time.
You can use your tentacles to constrict eight enemies at once.
Your skin changes colour to match your surroundings (Stealth).
Your rubbery body absorbs attacks (AC +1).


Message History

Sigmund gestures at you while chanting.
You are confused.
Sigmund misses you.
You bump into the rock wall.
You bump into the rock wall.
Sigmund casts a spell.
Sigmund's eyes start glowing with a red light.
Sigmund hits you from afar with a scythe!
You're too confused to move!
Sigmund barely misses you.
You bump into the rock wall.
Your transformation has ended.
You bump into the rock wall.
Sigmund gestures at you while chanting. The magic dart hits you!
You're too confused to move!
You feel less confused.
Sigmund hits you from afar with a scythe!
* * * LOW HITPOINT WARNING * * *
Sigmund hits you with a scythe!
You die...

### ..# #.#
#.# #.# #@#
#@# #.# #.#
#.# #.#
###.# ##.#.#
####....####
+..........#


You could see Sigmund.

Vanquished Creatures
  An adder (D:2)
  2 worms (D:2)
  A giant gecko (D:2)
  A ball python (D:1)
  2 giant cockroaches
  5 hobgoblins
  6 jackals
  7 bats
  2 giant newts
  5 goblins
  9 kobolds
  6 rats
47 creatures vanquished.

Notes
Turn   | Place    | Note
--------------------------------------------------------------
     0 | D:1      | Hanyuu the Octopode Transmuter began the quest for the Orb.
     0 | D:1      | Reached XP level 1. HP: 13/13 MP: 3/3
   217 | D:1      | Reached XP level 2. HP: 18/18 MP: 5/5
   533 | D:2      | Reached skill level 4 in Unarmed Combat
   604 | D:2      | Reached XP level 3. HP: 21/23 MP: 6/6
   608 | D:2      | Learned a level 2 spell: Sticks to Snakes
   612 | D:2      | Learned a level 3 spell: Spider Form
   815 | D:2      | Reached skill level 1 in Poison Magic
  1501 | D:2      | Reached XP level 4. HP: 28/28 MP: 7/7
  1650 | D:3      | Noticed Sigmund
  1676 | D:3      | Mangled by Sigmund

Vault maps used:
D:1:      minmay_arrival_stair_chambers
D:2:      hangedman_decor_push
D:3:      grunt_temple_overflow_open, uniq_sigmund, uniq_natasha, uniq_jessica

Action                   |  1- 3 |  4- 6 || total
-------------------------+-------+-------++-------
Melee: Unarmed           |    98 |     2 ||   100
 Cast: Beastly Appendage |     5 |       ||     5
       Spider Form       |     1 |     1 ||     2
  Use: Scroll            |     1 |     4 ||     5
 Stab: Sleeping          |    10 |     1 ||    11
  Eat: Chunk             |     2 |     1 ||     3
